 Dungeon Crawl Stone Soup version 0.24-a0-520-g8fd06ad0bc (webtiles) character file.

Game seed: 14796614492563838075

0 Gargoyl the Skirmisher (level 1, -12/19 HPs)
             Began as a Centaur Abyssal Knight on July 24, 2019.
             Was a Follower of Lugonu.
             Mangled by a large abomination (28 damage)
             ... on level 1 of the Abyss.
             The game lasted 00:00:43 (182 turns).

Gargoyl the Skirmisher (Centaur Abyssal Knight)      Turns: 182, Time: 00:00:43

Health: -12/19     AC:  4    Str: 14    XL:     1   Next: 0%
Magic:  2/2        EV:  9    Int: 11    God:    Lugonu [*.....]
Gold:   0          SH:  0    Dex:  8    Spells: 0/0 levels left

rFire    . . .     SeeInvis .   a - +1 hand axe
rCold    . . .     Gourm    .   (no shield)
rNeg     . . .     Faith    .   b - +0 leather armour
rPois    .         Spirit   .   (no helmet)
rElec    .         Reflect  .   (no cloak)
rCorr    .         Harm     +   (no gloves)
MR       .....                  (no barding)
Stlth    ..........             d - amulet of harm
HPRegen  0.06/turn              (no ring)
MPRegen  0.08/turn              (no ring)

@: very quick
A: large, hooves 3, deformed body, speed 2, tough skin 3
a: Depart the Abyss, Renounce Religion


You were on level 1 of the Abyss.
You worshipped Lugonu.
Lugonu was aware of your devotion.
You were not hungry.

You visited 0 branches of the dungeon, and saw 0 of its levels.
You visited the Abyss 1 time.

Inventory:

Hand Weapons
 a - a +1 hand axe (weapon)
Armour
 b - a +0 leather armour (worn)
Jewellery
 d - an amulet of harm (around neck)
Comestibles
 c - 2 rations


   Skills:
 + Level 3.0 Fighting
 + Level 1.7 Axes
 + Level 1.3 Armour
 + Level 0.6 Dodging
 + Level 2.0 Invocations


You couldn't memorise any spells.
You didn't know any spells.
Your spell library was empty.

Dungeon Overview and Level Annotations

Branches:
Dungeon (0/15)

Altars:


Innate Abilities, Weirdness & Mutations

You have hooves in place of feet.
Armour fits poorly on your strangely shaped body.
You cover ground very quickly.
You have extremely tough skin. (AC +3)


Message History

A neqoxec comes into view.
The neqoxec shouts!
Found a ration.
A shock serpent skeleton comes into view.
The shock serpent skeleton is too close now for your liking.
An iron imp comes into view.
The iron imp shouts, "Turn tail, thou horrid flap-mouthed dewberry!"
Found a club.
A small abomination comes into view.
Found a lumpy copper amulet.
A large abomination comes into view.
You see here a lumpy copper amulet.
d - a lumpy copper amulet A smoke demon comes into view.
d - an amulet of harm (around neck)
The smoke demon roars!
The small abomination barely misses you.
The large abomination hits you!!
Ouch! That really hurt!
You die...

... ... #. #... . # ## #
.#.#####.#####.###.#
..................... #
#.....#.....#...#.# #..
##...###..)###....
....#.....#.....#......#
###....X.............#.
#.....@.x............
###................#..#
##.....#.....#.... ##
##...###...###......
#3.... .....#...5. .
#...................#
#................#...
#................#..#
.x.. ...#.#.


You could see a large abomination, a smoke demon and a small abomination.

Vanquished Creatures
  A lurking horror (Abyss:1)
1 creature vanquished.

Notes
Turn   | Place    | Note
-------+----------+-------------------------------------------
     0 | Abyss:1  | Gargoyl the Centaur Abyssal Knight began the quest for the
                  | Orb.
     0 | Abyss:1  | Reached XP level 1. HP: 19/19 MP: 2/2
    61 | Abyss:1  | Noticed a large abomination
    94 | Abyss:1  | Noticed a large abomination
   112 | Abyss:1  | Noticed a neqoxec
   128 | Abyss:1  | Noticed a shock serpent skeleton
   162 | Abyss:1  | Noticed an iron imp
   168 | Abyss:1  | Noticed a small abomination
   176 | Abyss:1  | Noticed a large abomination
   178 | Abyss:1  | Noticed a smoke demon
   182 | Abyss:1  | Mangled by a large abomination

Levels and vault maps discovered:
Abyss:1

Action                   || total
-------------------------++-------
Melee: Hand axe          ||     1
Dodge: Dodged            ||     2

Table legend:
 A = Non-vault XP
 B = Vault XP
 C = Vault XP percentage of total XP
 D = Non-vault monster count
 E = Vault monster count
 F = Vault count percentage of total count
                 A         B        C        D         E       F
            +---------+---------+-------+---------+---------+-------
      Total |       0 |       0 |   N/A |       0 |       0 |  -nan
            +---------+---------+-------+---------+---------+-------
            +---------+---------+-------+---------+---------+-------
